 Dungeon Crawl Stone Soup version 0.24.0-37-gcf1ca852f1 (webtiles) character file.

Game seed: 2472800211683123602, levelgen mode: deterministic

498 theswoord the Twirler (level 6, -5/44 HPs)
             Began as a Demonspawn Gladiator on Nov 23, 2019.
             Was an Initiate of Kikubaaqudgha.
             Slain by an orc warrior
             ... wielding a +0 trident
              (12 damage)
             ... on level 6 of the Dungeon.
             The game lasted 00:05:53 (4270 turns).

theswoord the Twirler (Demonspawn Gladiator)        Turns: 4270, Time: 00:05:53

Health: -5/44      AC: 10    Str: 21    XL:     6   Next: 94%
Magic:  15/15      EV:  8    Int: 11    God:    Kikubaaqudgha [......]
Gold:   179        SH:  0    Dex: 15    Spells: 5/5 levels left

rFire    . . .     SeeInvis .   a - +1 quarterstaff
rCold    . . .     Gourm    .   (shield currently unavailable)
rNeg     . . .     Faith    .   i - +0 chain mail
rPois    .         Spirit   .   c - +1 helmet
rElec    .         Reflect  .   (no cloak)
rCorr    .         Harm     .   (no gloves)
MR       .....                  (no boots)
Stlth    ..........             u - amulet of magic regeneration
HPRegen  0.14/turn              m - ring of magical power
MPRegen  0.39/turn              v - +2 ring of intelligence

@: mighty, hasted, lightly drained, very quick
A: hooves 1, powered by death 2, rot immunity
a: Renounce Religion


You were on level 6 of the Dungeon.
You worshipped Kikubaaqudgha.
Kikubaaqudgha was noncommittal.
You were very hungry.

You visited 2 branches of the dungeon, and saw 7 of its levels.

You collected 179 gold pieces.

Inventory:

Hand Weapons
 a - a +1 quarterstaff (weapon)
Missiles
 d - 2 throwing nets (quivered)
Armour
 b - a +0 leather armour
 c - a +1 helmet (worn)
 h - a +0 scale mail
 i - a +0 chain mail (worn)
Jewellery
 m - a ring of magical power (left hand)
 n - an uncursed amulet of harm
 p - an uncursed ring of resist corrosion
 u - an amulet of magic regeneration (around neck)
 v - a +2 ring of intelligence (right hand)
Scrolls
 e - a scroll of enchant armour
 g - 2 scrolls of teleportation
 l - a scroll of enchant weapon
 q - a scroll of identify
 w - a scroll of remove curse {unknown}
Potions
 k - 6 potions of curing
 o - 5 potions of lignification
 s - a potion of agility {unknown}
 t - a potion of flight {unknown}
Comestibles
 f - 13 rations


   Skills:
 - Level 2.0(1.7) Fighting
 + Level 7.2(6.9) Staves
 - Level 1.7(1.5) Throwing
 - Level 2.6(2.4) Dodging


You had 5 spell levels left.
You didn't know any spells.
Your spell library contained the following spells:

 Spells                   Type           Power        Failure   Level  Hunger
 Beastly Appendage        Tmut           #.....       99%         1    ##.....
 Sticks to Snakes         Tmut           #.......     99%         2    ###....
 Spider Form              Tmut/Pois      #.........   100%        3    ####...
 Ice Form                 Ice/Tmut       #.......     100%        4    #####..
 Blade Hands              Tmut           #.........   100%        5    ######.


Dungeon Overview and Level Annotations

Branches:
Dungeon (6/15)             Temple (1/1) D:5

Altars:
Dithmenos
Fedhas
Hepliaklqana
Kikubaaqudgha
Nemelex Xobeh
Okawaru
Qazlal
Sif Muna
Uskayaw
Vehumet
Xom
Yredelemnul
Zin
The Shining One


Innate Abilities, Weirdness & Mutations

You have large cloven feet.
You regenerate health from kills.
You are immune to rotting.


Message History

You kick the orc warrior, but do no damage.
The orc warrior is moderately wounded.
The orc warrior hits you with a +0 trident.
* * * LOW HITPOINT WARNING * * *
You hit the orc warrior but do no damage.
The orc warrior is moderately wounded.
You feel very mighty all of a sudden. The orc warrior barely misses you.
You barely miss the orc warrior. Your kick misses the orc warrior.
The orc warrior is moderately wounded.
The orc warrior hits you with a +0 trident!
* * * LOW HITPOINT WARNING * * *
You barely miss the orc warrior. Your kick misses the orc warrior.
The orc warrior is moderately wounded.
You completely miss the orc warrior.
You kick the orc warrior, but do no damage.
The orc warrior is moderately wounded.
The orc warrior hits you with a +0 trident!
You die...
Kikubaaqudgha rasps: "You have failed me!
Welcome... death!"

#.#
#.#
#.#
#.#
#.##
#..#
##o#
#o#
#@#
#.#
#<#
#.#
#.#
#.#
#.#
..#
###


You could see an orc warrior and an orc.

Vanquished Creatures
  An ogre (D:5)
  A centaur (D:4)
  A howler monkey (D:5)
  A bullfrog zombie (D:3)
  A crimson imp (D:5)
  A centaur zombie (D:5)
  A bullfrog skeleton (D:5)
  3 worker ants
  3 adders
  A shadow imp (D:5)
  2 oozes
  3 worms
  3 leopard geckos
  3 orcs
  A ball python (D:3)
  A giant cockroach (D:3)
  6 goblins
  5 hobgoblins
  3 kobolds
  A quokka (D:4)
  4 bats
  A frilled lizard (D:2)
  A jackal zombie (D:5)
  2 rats (D:3)
50 creatures vanquished.

Notes
Turn   | Place    | Note
-------+----------+-------------------------------------------
     0 | D:1      | theswoord the Demonspawn Gladiator began the quest for the
                  | Orb.
     0 | D:1      | Reached XP level 1. HP: 16/16 MP: 1/1
   147 | D:1      | Reached skill level 3 in Staves
   213 | D:1      | Gained mutation: You have large cloven feet. [demonic
                  | ancestry]
   213 | D:1      | Reached XP level 2. HP: 22/22 MP: 2/2
   794 | D:2      | Reached skill level 4 in Staves
   794 | D:2      | Reached XP level 3. HP: 19/27 MP: 3/3
  1494 | D:3      | Found a faded altar of an unknown god.
  1550 | D:3      | Gained mutation: You regenerate a little health from kills.
                  | [demonic ancestry]
  1550 | D:3      | Reached XP level 4. HP: 30/33 MP: 4/4
  2232 | D:4      | Reached skill level 5 in Staves
  2474 | D:4      | Noticed a centaur
  2487 | D:4      | Killed a centaur
  2487 | D:4      | Gained mutation: You are immune to rotting. [demonic
                  | ancestry]
  2487 | D:4      | Reached XP level 5. HP: 13/38 MP: 5/5
  2756 | D:5      | Entered Level 5 of the Dungeon
  2784 | D:5      | Reached skill level 6 in Staves
  2956 | D:5      | Gained mutation: You regenerate health from kills. [demonic
                  | ancestry]
  2956 | D:5      | Reached XP level 6. HP: 16/44 MP: 6/6
  3443 | D:5      | Reached skill level 7 in Staves
  3491 | D:5      | Found a staircase to the Ecumenical Temple.
  3638 | Temple   | Entered the Ecumenical Temple
  3760 | Temple   | Became a worshipper of Kikubaaqudgha
  4033 | D:6      | Noticed an orc warrior
  4270 | D:6      | Slain by an orc warrior

Skill      XL: |  1  2  3  4  5  6 |
---------------+-------------------+-----
Staves         | 3 4 5 6 7 |  7.2
Fighting       | |  2.0
Throwing       | |  1.7
Dodging        | |  2.6

Action                   |  1- 3 |  4- 6 || total
-------------------------+-------+-------++-------
Melee: Quarterstaff      |    74 |   133 ||   207
       Kick              |    11 |    37 ||    48
Throw: Throwing net      |       |     1 ||     1
  Use: Scroll            |     6 |     7 ||    13
       Potion            |       |     4 ||     4
  Eat: Chunk             |     2 |     7 ||     9
Armor: Scale mail        |    21 |       ||    21
       Chain mail        |    10 |    66 ||    76
Dodge: Dodged            |    38 |    36 ||    74

Levels and vault maps discovered:
D:1:      lemuel_arrival_behind_the_door_small, layout_loops_ring
D:2:      cheibrodos_old_hovel, layout_basic
D:3:      layout_basic, chequers_ecumenical_altar_simple_redux,
          minmay_box_of_dots
D:4:      layout_loops_cross, first_ration
D:5:      layout_loops_cross, minmay_temple_entry_nine_rooms
D:6:      layout_loops_ring, serial_shops, nicolae_shop_stone,
          minmay_fractal_squares_5
Temple:   roderic_octagonal_lattice_temple
